 Dungeon Crawl Stone Soup version 0.28-a0-268-g3f656e82c2 (webtiles) character file.

Game seed: 16980126842636986873

44 bande the Skirmisher (level 3, -1/24 HPs)
             Began as a Gargoyle Fighter on Aug 29, 2021.
             Frozen to death by an endoplasm (5 damage)
             ... on level 1 of the Dungeon.
             The game lasted 00:01:02 (924 turns).

bande the Skirmisher (Gargoyle Fighter)              Turns: 924, Time: 00:01:02

Health: -1/24      AC: 10    Str: 19    XL:     3   Next: 60%
Magic:  3/3        EV:  7    Int:  8    God:
Gold:   25         SH:  8    Dex: 10    Spells: 2/2 levels left

rFire   . . .      SeeInvis .   a - +0 war axe
rCold   . . .      Faith    .   c - +0 kite shield
rNeg    + . .      Spirit   .   b - +0 scale mail
rPois   ∞          Reflect  .   (no helmet)
rElec   +          Harm     .   (no cloak)
rCorr   .          Rampage  .   (no gloves)
Will    .....                   (no boots)
Stlth   ..........              (no amulet)
HPRegen 0.08/turn               (no ring)
MPRegen 0.08/turn               (no ring)

@: no status effects
A: sickness immunity, AC +3, negative energy resistance 1, electricity
resistance, torment resistance 1, petrification resistance
a: no special abilities


You were on level 1 of the Dungeon.
You visited 1 branch of the dungeon, and saw 1 of its levels.

You collected 25 gold pieces.

Inventory:

Hand Weapons
 a - a +0 war axe (weapon)
Armour
 b - a +0 scale mail (worn)
 c - a +0 kite shield (worn)
Scrolls
 f - a scroll of immolation {unknown}
 g - a scroll of blinking {unknown}
 h - a scroll of amnesia {unknown}
 j - a scroll of enchant weapon {unknown}
 k - a scroll of identify {unknown}
Potions
 d - 2 potions of might
 e - a potion of brilliance {unknown}
 i - a potion of flight {unknown}


   Skills:
 + Level 3.8 Fighting
 + Level 2.2 Axes
 + Level 3.8 Armour
 + Level 0.2 Dodging
 + Level 3.6 Shields


You had 2 spell levels left.
You didn't know any spells.
Your spell library contained the following spells:

 Spells                   Type           Power      Damage    Failure   Level
 Conjure Flame            Conj/Fire      0%         6-21      100%        3
 Ignite Poison            Fire/Tmut/Pois 0%         N/A       100%        3
 Sticky Flame             Conj/Fire      0%         2d3       100%        4


Dungeon Overview and Level Annotations

Branches:
Dungeon (1/15)

Altars:


Innate Abilities, Weirdness & Mutations

You are immune to sickness and miasma.
Your stone body is resilient. (AC +3)
You are immune to poison.
You resist negative energy. (rN+)
You are resistant to electric shocks. (rElec)
You are resistant to unholy torment.
You are immune to petrification.


Message History

The giant cockroach is moderately wounded.
You block the giant cockroach's attack.
The giant cockroach bites you but does no damage.
You slash the giant cockroach!
You kill the giant cockroach!
The rat twitches its whiskers.
You block the rat's attack.
The rat bites you but does no damage. x3
There is an open translucent door here.
Things that are here:
a giant cockroach corpse; a giant cockroach corpse; a rat corpse You barely miss the rat. x2; You hit the rat. x2; The rat barely misses you.
The rat bites you. The rat barely misses you. You block the rat's attack.
The rat barely misses you. The rat completely misses you.
You block the rat's attack.
You closely miss the rat. You hit the rat. You hit the rat but do no damage.
You barely miss the rat. The rat bites you but does no damage.
The rat bites you. You block the rat's attack. The rat barely misses you. x2
The rat bites you but does no damage. The rat barely misses you.
You slash the rat!
You kill the rat!
You hit the rat.
You kill the rat!
You slash the rat!
You kill the rat!
You closely miss the rat. The rat completely misses you.
The endoplasm freezes you.
You are frozen.
You block the endoplasm's attack.
You slash the rat!
You kill the rat!
You block the endoplasm's attack.
Unknown command.
You barely miss the endoplasm. The endoplasm freezes you.
You are frozen.
* * * LOW HITPOINT WARNING * * *
You barely miss the endoplasm.
The endoplasm hits you but does no damage.
The endoplasm freezes you.
You are frozen.
You die...

.....# #...............## ###.#
##.#.#####.##..##.####..## #...#
##.#.....................# #.###
##.#####.###############.# #.#
#...####.#.............#.# #.#
..#......#.............#.###.# #
#...####.#......JJ.....#..##.# #
##.## #.#######J#######.....# #
#.#####.#.....†@†.....#.##### #
#.......+⌠....###....⌠'.# #
######..#......<......#.# #
#..#..⌠...>...⌠..#.# #
##.###+#######'###.#
#.................#
########...#####..####.##########
...........# #>## #...........
...#####.#.# #.# ############


You could see 3 endoplasms.

Vanquished Creatures
  A gnoll (D:1)
  A bat (D:1)
  2 endoplasms (D:1)
  4 giant cockroaches (D:1)
  A goblin (D:1)
  A hobgoblin (D:1)
  11 jackals (D:1)
  A frilled lizard (D:1)
  7 rats (D:1)
29 creatures vanquished.

Notes
Turn   | Place    | Note
-------+----------+-------------------------------------------
     0 | D:1      | bande the Gargoyle Fighter began the quest for the Orb.
     0 | D:1      | Reached XP level 1. HP: 14/14 MP: 1/1
     1 | D:1      | Found a runed translucent door.
   186 | D:1      | Reached XP level 2. HP: 19/19 MP: 2/2
   785 | D:1      | Reached XP level 3. HP: 23/24 MP: 3/3
   924 | D:1      | Frozen to death by an endoplasm

Illustrated notes

Levels and vault maps discovered:
D:1:      dpeg_arrival_caged_fury, layout_loops_ring

Skill      XL: |  1  2  3 |
---------------+----------+-----
Axes           | 2 |  2.2
Fighting       | |  3.8
Armour         | |  3.8
Dodging        | |  0.2
Shields        | |  3.6

Action                   || total
-------------------------++-------
Melee: War axe           ||    72
Armor: Scale mail        ||    64
Dodge: Dodged            ||    43
Block: Kite shield       ||    41

Table legend: (Time is in decaauts)
 A = Elapsed time spent in this place.
 B = Non-inter-level travel time spent in this place.
 C = Inter-level travel time spent in this place.
 D = Time resting spent in this place.
 E = Time spent auto-exploring this place.
 F = Levels seen in this place.
 G = Mean time per level.
                   A        B        C        D        E       F      G
               +--------+--------+--------+--------+--------+-----+--------+
         Total |    969 |    969 |      0 |      0 |    812 |   1 |  969.0 |
       Dungeon |    969 |    969 |      0 |      0 |    812 |   1 |  969.0 |
               +--------+--------+--------+--------+--------+-----+--------+

Top non-repeatable levels by time:
     D:1: 969 daAuts
